 Dungeon Crawl Stone Soup version 0.32-a0-17-gb74e046682 (webtiles) character file.

Game seed: 14462493854455628441

97 Hellonello the Changeling (level 4, -2/28 HPs)
             Began as an Octopode Shapeshifter on Jan 15, 2024.
             Killed by nerve-wracking pain
             ... invoked by an orc priest
              (9 damage)
             ... on level 2 of the Dungeon.
             The game lasted 00:03:48 (1702 turns).

Hellonello the Changeling (Octopode Shapeshifter)   Turns: 1702, Time: 00:03:48

Health: -2/28      AC:  1    Str: 13    XL:     4   Next: 68%
Magic:  4/4        EV: 13    Int: 12    God:
Gold:   87         SH:  0    Dex: 13    Spells: 3/3 levels left

rFire   + .          .
                       - Unarmed
rCold   . . .        (no shield)
rNeg    . . .        (helmet currently unavailable)
rPois   .            (no amulet)
rElec   .            h - ring of protection from fire
rCorr   .            (no ring)
SInv    .            (no ring)
Will    .....        (no ring)
Stlth   ++           (no ring)
HPRegen 0.24/turn    (no ring)
MPRegen 0.09/turn    (no ring)
                     (no ring)

%: no passive effects
@: beast-form
A: beast (slay +2), almost no armour, amphibious, 8 rings, camouflage 1,
gelatinous body 1, (nimble swimmer 1), tentacles
a: Begin Untransformation


You were on level 2 of the Dungeon.
You were a hulking beast.
You visited 1 branch of the dungeon, and saw 3 of its levels.

You collected 87 gold pieces.

Inventory:

Jewellery
 h - a ring of protection from fire (left tentacle)
Talismans
 b - a beast talisman
 c - a flux talisman
 f - a maw talisman
 g - a blade talisman
Scrolls
 i - a scroll of vulnerability {unknown}
 k - a scroll of noise
 l - a scroll of enchant armour
Potions
 a - a potion of lignification
 d - a potion of heal wounds {unknown}
 e - a potion of brilliance {unknown}
 j - 2 potions of degeneration {unknown}
 m - a potion of berserk rage {unknown}


   Skills:
 - Level 1.0 Fighting
 - Level 2.0 Dodging
 - Level 3.0 Unarmed Combat
 + Level 5.0 Shapeshifting


You had 3 spell levels left.
You didn't know any spells.
Your spell library contained the following spells:

 Spells                   Type           Power      Damage    Failure   Level
 Inner Flame              Hex/Fire       0%         N/A       69%         3
 Flame Wave               Conj/Fire      0%         2d4       97%         4
 Sticky Flame             Fire/Alch      0%         2d4       97%         4


Dungeon Overview and Level Annotations

Branches:
Dungeon (3/15)

Altars:

Shops:
D:1 =


Innate Abilities, Weirdness & Mutations

You are a hulking beast.
Your limbs bulge with bestial killing power. (Slay +2)
You cannot wear most types of armour.
You are amphibious.
You can wear up to eight rings at the same time.
Your skin changes colour to match your surroundings (Stealth+).
Your rubbery body absorbs attacks. (AC +1, EV +1)
((You are camouflaged when in or above water. (Stealth+)))
You have tentacles for arms and can constrict up to eight enemies at once.


Message History

There is a stone staircase leading down, spattered with blood here.
You climb downwards.
The orc barely misses you. The orc hits you with a +0 club.
There is a stone staircase leading up, spattered with blood here.
You barely miss the orc.
The orc priest shouts!
You grab the orc. You constrict the orc.
The orc priest calls down the wrath of Beogh upon you.
Beogh smites you!
Ouch! That really hurt!
The orc hits you with a +0 club.
You barely miss the orc. You squeeze the orc.
You kill the orc!
You climb upwards.
There is a stone staircase leading down, spattered with blood here.
You start resting.
HP restored.
You climb downwards.
There is a stone staircase leading up, spattered with blood here.
The orc priest begins to cast a cantrip, but forgets the words!
The orc priest calls down the wrath of Beogh upon you.
Pain shoots through your body!
You climb upwards.
There is a stone staircase leading down, spattered with blood here.
You start resting.
HP restored.
You climb downwards.
The orc priest closely misses you.
The orc priest invokes the aid of Beogh against you.
Beogh smites you!
Ouch! That really hurt!
There is a stone staircase leading up, spattered with blood here.
The orc priest hits you with a +1 mace of protection!
* * * LOW HITPOINT WARNING * * *
You climb upwards.
There is a stone staircase leading down, spattered with blood here.
You closely miss the orc priest. You grab the orc priest.
You constrict the orc priest, but do no damage.
The orc priest invokes the aid of Beogh against you.
Pain shoots through your body!
You die...

#.#######..........# #.#
####..#######.# #.#
#.....#######.####### #.#
#.###.#######.####### #.#
#.#...#######.......#
#.####.#....############.#
#.#....#.##.############.#
######.#.#######)######.......#
...............÷h######.#######
########.#######o######†#######
#.#.......######.#######
#.#.#####.######.#######
#.#.##...........#######
#.#....##.############## ##
#.###.....##############
.#######.###.##..##############
.'........##.#.....############


You could see an orc priest.

Vanquished Creatures
  An orc priest (D:2)
  2 adders
  A ribbon worm (D:2)
  3 orcs (D:3)
  2 endoplasms
  A giant cockroach (D:1)
  3 hobgoblins
  8 jackals
  5 ball pythons
  6 bats
  3 frilled lizards
  3 goblins
  2 kobolds
  5 rats
45 creatures vanquished.

Notes
Turn   | Place    | Note
-------+----------+-------------------------------------------
     0 | D:1      | Hellonello the Octopode Shapeshifter began the quest for
                  | the Orb.
     0 | D:1      | Reached XP level 1. HP: 13/13 MP: 1/1
    86 | D:1      | Reached XP level 2. HP: 16/18 MP: 2/2
   114 | D:1      | Found Fiomoopp's Jewellery Boutique.
   610 | D:2      | Reached skill level 4 in Shapeshifting
   610 | D:2      | Reached XP level 3. HP: 23/23 MP: 3/3
  1371 | D:3      | Reached XP level 4. HP: 26/28 MP: 4/4
  1512 | D:2      | Reached skill level 5 in Shapeshifting
  1702 | D:2      | Killed from afar by an orc priest

Illustrated notes

Levels and vault maps discovered:
D:1:      heliophobic_arrival_enchanted_forest, layout_rooms, serial_shops,
          shop, corexii_leaking_fountain, minmay_misc_feat_roman
D:2:      layout_basic, minmay_tetromino_i4
D:3:      layout_rooms, mainiacjoe_overflow_chevrons, minmay_diced_spiral

Skill      XL: |  1  2  3  4 |
---------------+-------------+-----
Shapeshifting  | 4 5 |  5.0
Fighting       | |  1.0
Dodging        | |  2.0
Unarmed Combat | |  3.0

Action                     |  1- 3 |  4- 6 || total
---------------------------+-------+-------++-------
  Melee: Unarmed           |    64 |    22 ||    86
         Tentacles         |    10 |     1 ||    11
         Constrict         |    12 |     6 ||    18
         Punch             |     1 |       ||     1
    Use: Scroll            |     5 |       ||     5
   Stab: Sleeping          |     7 |     1 ||     8
 Armour: Skin              |    18 |    19 ||    37
  Dodge: Dodged            |    45 |    34 ||    79

Table legend: (Time is in decaauts)
 A = Elapsed time spent in this place.
 B = Non-inter-level travel time spent in this place.
 C = Inter-level travel time spent in this place.
 D = Time resting spent in this place.
 E = Time spent auto-exploring this place.
 F = Levels seen in this place.
 G = Mean time per level.
                   A        B        C        D        E       F      G
               +--------+--------+--------+--------+--------+-----+--------+
         Total |   1701 |   1646 |     55 |    363 |    934 |   3 |  567.0 |
       Dungeon |   1701 |   1646 |     55 |    363 |    934 |   3 |  567.0 |
               +--------+--------+--------+--------+--------+-----+--------+

Top non-repeatable levels by time:
     D:2: 1010 daAuts
     D:1: 588 daAuts
     D:3: 102 daAuts
